 Dungeon Crawl Stone Soup version 0.31-a0-14-gc80a10f4b6 (webtiles) character file.

Game seed: 1535906835449969613

123 sampeng1 the Firebug (level 5, -1/42 HPs)
             Began as a Human Cinder Acolyte on May 8, 2023.
             Was a High Priest of Ignis.
             Slain by a gnoll
             ... wielding a +0 halberd
              (12 damage)
             ... on level 3 of the Dungeon.
             The game lasted 00:08:30 (1936 turns).

sampeng1 the Firebug (Human Cinder Acolyte)         Turns: 1936, Time: 00:08:31

Health: -1/42      AC:  3    Str: 15      XL:     5   Next: 29%
Magic:  2/8        EV: 11    Int: 14 (16) God:    Ignis [*****.]
Gold:   93         SH:  0    Dex:  7 (8)  Spells: 6/8 levels left

rFire   + . .        a - -1 mace (flame)
rCold   . . .        (no shield)
rNeg    . . .        b - +1 robe
rPois   .            (no helmet)
rElec   .            (no cloak)
rCorr   +            (no gloves)
SInv    .            (no boots)
Will    +....        (no amulet)
Stlth   +            e - ring of resist corrosion
HPRegen 0.27/turn    k - ring of willpower
MPRegen 0.11/turn

%: no passive effects
@: very slightly contaminated
A: no striking features
a: Renounce Religion, Fiery Armour, Foxfire Swarm, Rising Flame


You were on level 3 of the Dungeon.
You worshipped Ignis.
Ignis was extremely pleased with you.
You visited 1 branch of the dungeon, and saw 3 of its levels.

You collected 93 gold pieces.

Inventory:

Hand Weapons
 a - a -1 mace of flaming (weapon)
 i - the +3 dagger of the Dark Horse {flame, Dex+3}
   (You found it on level 2 of the Dungeon)

   Dex:       It affects your dexterity (+3).
Missiles
 g - 6 boomerangs (quivered)
Armour
 b - a +1 robe (worn)
 f - a +0 scale mail
Jewellery
 e - a ring of resist corrosion (left hand)
 k - a ring of willpower (right hand)
Scrolls
 h - a scroll of magic mapping {unknown}
 j - a scroll of enchant armour
 l - a scroll of noise {unknown}
 m - a scroll of immolation {unknown}
Potions
 c - a potion of cancellation {unknown}
 d - 2 potions of curing


   Skills:
 + Level 3.7 Fighting
 + Level 3.7 Maces & Flails
 + Level 2.2 Spellcasting
 + Level 3.8 Fire Magic


You had 6 spell levels left.
You knew the following spells:

 Your Spells              Type           Power      Damage    Failure   Level
a - Scorch                Fire           24%        2d6       8%          2

Your spell library contained the following spells:

 Spells                   Type           Power      Damage    Failure   Level


Dungeon Overview and Level Annotations

Branches:
Dungeon (3/15)

Altars:


Message History

You open the door.
There is an open door here.
A gnoll comes into view. It is wielding a +0 halberd.
The gnoll shouts!
You hear a shout!
A gnoll comes into view. It is wielding a +0 club.
A gnoll comes into view. It is wielding a +0 spear.
The gnoll shouts!
Casting: Scorch (safe; 8% risk of failure)
Confirm with . or Enter, or press ? or * to list all spells.
Flames lash the gnoll.
The gnoll is heavily wounded.
The gnoll's fire resistance burns away.
Casting: Scorch (safe; 8% risk of failure)
Confirm with . or Enter, or press ? or * to list all spells.
You miscast Scorch.
You are very lightly contaminated with residual magic.
Nothing appears to happen.
A goblin comes into view. It is wielding a +0 dagger.
Casting: Scorch (safe; 8% risk of failure)
Confirm with . or Enter, or press ? or * to list all spells.
Flames lash the gnoll.
The gnoll is almost dead.
The gnoll's fire resistance burns away.
The goblin shouts!
The gnoll hits you from afar with a +0 spear.
The gnoll misses you.
You barely miss the gnoll.
The gnoll hits you from afar with a +0 spear.
The gnoll barely misses you. The gnoll hits you with a +0 club.
You closely miss the gnoll.
The gnoll hits you from afar with a +0 halberd!
The gnoll hits you with a +0 club.
The gnoll hits you from afar with a +0 spear.
* * * LOW HITPOINT WARNING * * *
You hit the gnoll. You burn the gnoll.
The gnoll is heavily wounded.
The gnoll is no longer more vulnerable to fire.
The gnoll barely misses you.
The gnoll hits you from afar with a +0 halberd!
You die...

.....# #.# ####'#####
#.# .>.......# #.#
.........# #.# .
.........######.# ..
.###..........#.#####...
.# ##########...........
<# #.....g.....
.############...@g.g....
..................g.....
#......................#
#....†.................#
#......|...............#
....÷÷........#.########
..............#.#
#.........)..##.#
#............##.# ######


You could see 3 gnolls and a goblin.

Vanquished Creatures
  A scorpion (D:3)
  2 adders (D:2)
  A dart slug (D:1)
  4 bats
  3 endoplasms (D:1)
  A giant cockroach (D:1)
  4 goblins (D:2)
  2 hobgoblins (D:1)
  5 jackals
  A quokka (D:1)
  7 ball pythons
  3 frilled lizards
  7 kobolds
  7 rats
48 creatures vanquished.

Vanquished Creatures (others)
  A plant (D:2)
1 creature vanquished.

Grand Total: 49 creatures vanquished

Notes
Turn   | Place    | Note
-------+----------+-------------------------------------------
     0 | D:1      | sampeng1 the Human Cinder Acolyte began the quest for the
                  | Orb.
     0 | D:1      | Reached XP level 1. HP: 18/18 MP: 2/2
   138 | D:1      | Reached XP level 2. HP: 22/24 MP: 3/3
   169 | D:1      | Learned a level 2 spell: Scorch
   467 | D:1      | Found a faded altar of an unknown god.
   665 | D:2      | Reached XP level 3. HP: 29/29 MP: 5/5
   812 | D:2      | Identified the +3 dagger of the Dark Horse {flame, Dex+3}
  1113 | D:2      | Reached XP level 4. HP: 28/35 MP: 3/6
  1629 | D:3      | Noticed a scorpion
  1640 | D:3      | Killed a scorpion
  1641 | D:3      | Reached XP level 5. HP: 37/42 MP: 4/8
  1936 | D:3      | Slain by a gnoll

Illustrated notes

Levels and vault maps discovered:
D:1:      lemuel_arrival_hallway, layout_loops_cross, serial_shops,
          shop_fountains, hellmonk_ecumenical_altar_inner_sanctum
D:2:      cheibrodos_old_hovel, layout_basic
D:3:      layout_basic, slow_altar_2, minmay_misc_feat_five, minivault_27,
          uniq_terence

Skill      XL: |  1  2  3  4 |
---------------+-------------+-----
Spellcasting   | 2 |  2.2
Fighting       | |  3.7
Maces & Flails | |  3.7
Fire Magic     | |  3.8

Action                     |  1- 3 |  4- 6 || total
---------------------------+-------+-------++-------
  Melee: Mace              |    83 |    53 ||   136
  Throw: Boomerang         |     1 |       ||     1
   Cast: Scorch            |     2 |     5 ||     7
    Use: Scroll            |     2 |       ||     2
         Potion            |     3 |       ||     3
 Armour: Robe              |    22 |    26 ||    48
  Dodge: Dodged            |    70 |    57 ||   127

Table legend: (Time is in decaauts)
 A = Elapsed time spent in this place.
 B = Non-inter-level travel time spent in this place.
 C = Inter-level travel time spent in this place.
 D = Time resting spent in this place.
 E = Time spent auto-exploring this place.
 F = Levels seen in this place.
 G = Mean time per level.
                   A        B        C        D        E       F      G
               +--------+--------+--------+--------+--------+-----+--------+
         Total |   1965 |   1869 |     96 |      0 |   1235 |   3 |  655.0 |
       Dungeon |   1965 |   1869 |     96 |      0 |   1235 |   3 |  655.0 |
               +--------+--------+--------+--------+--------+-----+--------+

Top non-repeatable levels by time:
     D:2: 1110 daAuts
     D:1: 500 daAuts
     D:3: 354 daAuts
